AoeStats
← Melle

Socotra

506937328Analyzed
2v2 RM · 15d ago on Sep 15, 2026· 37m 8s· 4 players
Game mode
Random Map
Map size
Tiny (2 player)
Population
200
Speed
Normal
Resources
Standard
Victory
Conquest
Starting age
Dark Age
Ending age
Imperial Age
RankedLock teamsTeams togetherTeam positionsShared explorationLock speedFull tech treeHidden civsTurbo modeCheats
Victory
Defeat
🇨🇱 Malay · Chile
700
+12
🇦🇷 Mongols · Argentina
619
+14
🇮🇹 Franks · Italy
619
-15
🇵🇱 Vietnamese · Poland
579
-12
raiti8
1:08 Loom
13:30 Feudal Age
15:31 Town Watch
15:54 Double-Bit Axe
21:38 Wheelbarrow
michal.czeszynski
15:28 Feudal Age
15:29 Man-at-Arms
18:29 Double-Bit Axe
18:28 Horse Collar
24:26 Gold Mining
26:42 Castle Age
24:36 Stone Mining
24:43 Fletching
24:54 Padded Archer Armor
24:55 Scale Mail Armor
25:01 Scale Barding Armor
27:50 Bow Saw
28:07 Light Cavalry
28:57 Bloodlines
29:19 Elite Skirmisher
29:26 Long Swordsman
31:06 Pikeman
31:46 Squires
GVBO
8:24 Loom
10:09 Feudal Age
13:50 Man-at-Arms
17:31 Wheelbarrow
16:45 Double-Bit Axe
22:44 Castle Age
Melle
9:28 Feudal Age
13:31 Double-Bit Axe
14:39 Wheelbarrow
15:40 Bloodlines
16:34 Horse Collar
17:29 Gold Mining
25:51 Castle Age
24:28 Stone Mining
27:30 Stone Shaft Mining
27:30 Gold Shaft Mining
27:36 Husbandry
30:04 Hand Cart
30:38 Pikeman
31:22 Squires
34:08 Bow Saw
39:58 Imperial Age
Connection lost

Rejoining the realm…

Still unreachable

The connection could not be restored.

Session expired

The server has moved on; the page needs a fresh start.